[Event "Rated Blitz game"]
[Site "?"]
[Date "2021.04.01"]
[Round "?"]
[White "GorianUR"]
[Black "Lzikon"]
[Result "0-1"]
[ECO "C46"]
[WhiteElo "2304"]
[BlackElo "2434"]
[PlyCount "46"]
[EventDate "2021.??.??"]
[EventType "blitz"]
[TimeControl "180+2"]

1. e4 e5 2. Nf3 Nc6 3. Nc3 Nf6 4. Nxe5 Nxe5 5. d4 Ng6 6. e5 Bb4 7. exf6 Qxf6 8.
a3 Bxc3+ 9. bxc3 O-O 10. Bd3 Re8+ 11. Be3 d5 12. O-O c6 13. a4 Bf5 14. a5 Be4
15. a6 b6 16. c4 Nh4 17. Bxe4 Rxe4 18. cxd5 cxd5 19. Qh5 Qf5 20. Qxf5 Nxf5 21.
c4 dxc4 22. Rfc1 Nxd4 23. Kf1 Nb3 {Normal} 0-1

[Event "Rated Blitz tournament P9dISR5o"]
[Site "?"]
[Date "2021.04.01"]
[Round "?"]
[White "Starinov"]
[Black "EGNfanclub"]
[Result "1-0"]
[ECO "C46"]
[WhiteElo "2407"]
[BlackElo "2376"]
[PlyCount "55"]
[EventDate "2021.??.??"]
[EventType "blitz"]
[TimeControl "180"]

1. e4 e5 2. Nf3 Nc6 3. Nc3 Nf6 4. Nxe5 Nxe5 5. d4 Ng6 6. e5 Ng8 7. Bc4 d5 8.
Bxd5 c6 9. Bb3 Be6 10. Ne4 Bxb3 11. axb3 f5 12. Ng3 Qd7 13. O-O Nh6 14. Bxh6
gxh6 15. Re1 Qe6 16. c4 Bb4 17. d5 Qe7 18. Nxf5 Qg5 19. Nd6+ Bxd6 20. exd6+ Kd7
21. dxc6+ bxc6 22. b4 Rhe8 23. c5 Nf4 24. Rxe8 Kxe8 25. Qf3 Kd7 26. g3 Rf8 27.
Rxa7+ Ke6 28. Qe4+ {Normal} 1-0

[Event "Rated Blitz game"]
[Site "?"]
[Date "2021.03.31"]
[Round "?"]
[White "nunax"]
[Black "MonsieurPatate"]
[Result "0-1"]
[ECO "C46"]
[WhiteElo "2313"]
[BlackElo "2449"]
[PlyCount "90"]
[EventDate "2021.??.??"]
[EventType "blitz"]
[TimeControl "180"]

1. e4 e5 2. Nf3 Nc6 3. Nc3 Nf6 4. Nxe5 Nxe5 5. d4 Ng6 6. e5 Ng8 7. Bc4 d5 8.
Bxd5 c6 9. Bb3 Bb4 10. Qf3 Be6 11. Bxe6 fxe6 12. Be3 N8e7 13. O-O Bxc3 14. bxc3
Nf5 15. g4 Nfh4 16. Qe4 O-O 17. f4 Ne7 18. Bf2 Nhg6 19. Bg3 Qd5 20. Qd3 Qd7 21.
Rf2 Nd5 22. f5 Nge7 23. Raf1 Nb6 24. c4 Rad8 25. c3 c5 26. fxe6 Qxe6 27. Rxf8+
Rxf8 28. Rxf8+ Kxf8 29. d5 Qg6 30. Qe3 Qb1+ 31. Kg2 Qxa2+ 32. Kh3 Qxc4 33. d6
Qf1+ 34. Kh4 Ng6+ 35. Kg5 Kg8 36. e6 h6+ 37. Kxg6 Qb1+ 38. Kh5 Kh7 39. e7 Qg6+
40. Kh4 Nd7 41. e8=Q Qf6+ 42. Kh3 Nf8 43. Q3e4+ Ng6 44. d7 Qf1+ 45. Qg2 Qd3 {
Time forfeit} 0-1

[Event "Rated Blitz game"]
[Site "?"]
[Date "2021.03.31"]
[Round "?"]
[White "Henry940622"]
[Black "Simon2049"]
[Result "1-0"]
[ECO "C46"]
[WhiteElo "2318"]
[BlackElo "2415"]
[PlyCount "125"]
[EventDate "2021.??.??"]
[EventType "blitz"]
[TimeControl "180"]

1. e4 e5 2. Nf3 Nc6 3. Nc3 Nf6 4. Nxe5 Nxe5 5. d4 Bb4 6. dxe5 Nxe4 7. Qd4 Bxc3+
8. bxc3 d5 9. Bd3 Bf5 10. f3 c5 11. Qe3 Qh4+ 12. g3 Nxg3 13. Bxf5 Nxf5+ 14. Qf2
O-O 15. Qxh4 Nxh4 16. O-O Rae8 17. f4 Nf5 18. a4 Re6 19. a5 f6 20. Ba3 b6 21.
axb6 axb6 22. exf6 Rfxf6 23. Rfe1 Rg6+ 24. Kf2 Rxe1 25. Rxe1 Kf7 26. Re5 Nh4
27. Rxd5 Rg2+ 28. Ke3 Ke6 29. Rh5 Nf5+ 30. Kd3 h6 31. Bc1 g6 32. Rh3 Kd5 33.
c4+ Ke6 34. Bb2 Nd6 35. Be5 Nf5 36. Bc3 h5 37. Be5 Nd6 38. Bc3 Kf5 39. Be5 Nc8
40. Rg3 Rxg3+ 41. hxg3 Kg4 42. Bc7 Ne7 43. Ke4 Nf5 44. Bxb6 Nd4 45. Bxc5 Nxc2
46. Bf2 Nb4 47. c5 g5 48. fxg5 Kxg5 49. Ke5 Kg4 50. Kd6 Kf3 51. Be1 Nd3 52. c6
Nxe1 53. c7 Kxg3 54. c8=Q Nf3 55. Qg8+ Kh3 56. Kd5 h4 57. Ke4 Nh2 58. Ke3 Ng4+
59. Kf3 Nh2+ 60. Kf4 Nf1 61. Qg1 Ng3 62. Kf3 Ne2 63. Qg2# {Normal} 1-0

[Event "Rated Blitz tournament 897VhQEN"]
[Site "?"]
[Date "2021.03.31"]
[Round "?"]
[White "Starinov"]
[Black "ng99"]
[Result "0-1"]
[ECO "C46"]
[WhiteElo "2423"]
[BlackElo "2354"]
[PlyCount "118"]
[EventDate "2021.??.??"]
[EventType "blitz"]
[TimeControl "180"]

1. e4 e5 2. Nf3 Nc6 3. Nc3 Nf6 4. Nxe5 Nxe5 5. d4 Ng6 6. e5 Ng8 7. Bc4 d6 8.
Qf3 Qd7 9. O-O Qf5 10. Bb5+ Kd8 11. Qe2 dxe5 12. dxe5 Qxe5 13. Be3 Bd6 14. g3
Nf6 15. Rad1 Bh3 16. Rfe1 Kc8 17. Qd3 Qf5 18. Qe2 Bg4 19. Bd3 Qh5 20. Qf1 Bxd1
21. Rxd1 Ng4 22. h3 Nxe3 23. fxe3 Bxg3 24. Bf5+ Kb8 25. Qd3 a6 26. Nd5 Ne5 27.
Qf1 Nf3+ 28. Kg2 Nh4+ 29. Kxg3 Nxf5+ 30. Kh2 Nd6 31. Rd4 Qe5+ 32. Kh1 Ka7 33.
Nxc7 Rac8 34. Qd3 Rxc7 35. Rxd6 Rxc2 36. Rxa6+ bxa6 37. Qxc2 Re8 38. Qb3 Qe4+
39. Kh2 Qxe3 40. Qxf7+ Re7 41. Qf5 Qe5+ 42. Qxe5 Rxe5 43. Kg3 Re2 44. b4 Rxa2
45. Kf4 Rb2 46. h4 Rxb4+ 47. Kg5 Rxh4 48. Kxh4 a5 49. Kg4 a4 50. Kf4 a3 51. Ke5
a2 52. Ke6 a1=Q 53. Kf7 Qf6+ 54. Kg8 g5 55. Kxh7 g4 56. Kg8 g3 57. Kh7 Qg5 58.
Kh8 g2 59. Kh7 g1=Q {Time forfeit} 0-1

[Event "Rated Blitz game"]
[Site "?"]
[Date "2021.03.31"]
[Round "?"]
[White "highway_star"]
[Black "jt68"]
[Result "1-0"]
[ECO "C46"]
[WhiteElo "2399"]
[BlackElo "2410"]
[PlyCount "145"]
[EventDate "2021.??.??"]
[EventType "blitz"]
[TimeControl "180"]

1. e4 e5 2. Nf3 Nc6 3. Nc3 Nf6 4. Nxe5 Nxe5 5. d4 Ng6 6. e5 Ng8 7. Bc4 d5 8.
Bxd5 c6 9. Be4 f5 10. Bf3 Be6 11. O-O N8e7 12. Ne2 b5 13. a4 a6 14. axb5 axb5
15. Rxa8 Qxa8 16. b3 b4 17. Bg5 Nd5 18. Qd2 h6 19. Be3 Be7 20. c4 bxc3 21. Nxc3
Nxc3 22. Qxc3 Bd5 23. Bh5 Kf7 24. f3 Be6 25. Qd3 Rd8 26. g4 Qc8 27. Rc1 Qd7 28.
Bf2 c5 29. Rd1 cxd4 30. Ra1 Bg5 31. Ra6 Be3 32. Rxe6 Bxf2+ 33. Kxf2 Qxe6 34.
gxf5 Qb6 35. Bxg6+ Kg8 36. f6 gxf6 37. Bh7+ Kh8 38. Qg6 d3+ 39. Kg3 Qc7 40.
Qxf6+ Qg7+ 41. Qxg7+ Kxg7 42. Bxd3 h5 43. Be4 Rd4 44. Kf4 Rb4 45. Kg5 Rxb3 46.
Kxh5 Rb2 47. h4 Rh2 48. Kg4 Rg2+ 49. Kh3 Rc2 50. h5 Rc3 51. Kg4 Kh6 52. e6 Ra3
53. e7 Ra7 54. e8=Q Rg7+ 55. Kf4 Rf7+ 56. Ke3 Rg7 57. Qe6+ Kxh5 58. Qh3+ Kg5
59. Qg4+ Kf6 60. Qf5+ Ke7 61. Qe5+ Kf7 62. Bd5+ Kf8 63. f4 Re7 64. Ke4 Rxe5+
65. fxe5 Ke7 66. Kf5 Kd8 67. Kf6 Ke8 68. Bc6+ Kd8 69. e6 Kc7 70. e7 Kxc6 71.
e8=Q+ Kd5 72. Qe5+ Kc4 73. Qd6 {Time forfeit} 1-0

[Event "Rated Blitz tournament c3p56pIF"]
[Site "?"]
[Date "2021.03.30"]
[Round "?"]
[White "khalid_ontawar"]
[Black "AtalikS"]
[Result "0-1"]
[ECO "C46"]
[WhiteElo "2209"]
[BlackElo "2707"]
[PlyCount "74"]
[EventDate "2021.??.??"]
[EventType "blitz"]
[TimeControl "180"]

1. e4 e5 2. Nc3 Nf6 3. Nf3 Nc6 4. Nxe5 Nxe5 5. d4 Nc6 6. d5 Bb4 7. dxc6 bxc6 8.
Bd3 d5 9. e5 Nd7 10. O-O O-O 11. Bf4 Re8 12. Qh5 g6 13. Qe2 f6 14. Qg4 Nxe5 15.
Qg3 Bd6 16. Rfe1 Bb7 17. Rad1 Qd7 18. h3 Qg7 19. a3 Re7 20. b4 Rae8 21. Na4
Nf3+ 22. Qxf3 Rxe1+ 23. Rxe1 Rxe1+ 24. Kh2 Qe7 25. g3 d4 26. Nc5 Bxc5 27. bxc5
Kg7 28. h4 h5 29. Bd2 Re5 30. Qf4 g5 31. hxg5 fxg5 32. Qxd4 Qxc5 33. Qd7+ Qe7
34. Qd4 c5 35. Qb2 Qf6 36. Kg1 Re1+ 37. Bxe1 Qxb2 {Normal} 0-1

[Event "Rated Blitz game"]
[Site "?"]
[Date "2021.03.29"]
[Round "?"]
[White "laNoviadeChucky"]
[Black "J_z_L"]
[Result "1-0"]
[ECO "C46"]
[WhiteElo "2295"]
[BlackElo "2407"]
[PlyCount "53"]
[EventDate "2021.??.??"]
[EventType "blitz"]
[TimeControl "180+2"]

1. e4 e5 2. Nc3 Nc6 3. Nf3 Nf6 4. Nxe5 Nxe5 5. d4 Bb4 6. dxe5 Nxe4 7. Qd4 Bxc3+
8. bxc3 Ng5 9. Bd3 Ne6 10. Qe4 d5 11. Qe2 d4 12. c4 c5 13. O-O Rb8 14. f4 b6
15. f5 Nf8 16. Be4 Bb7 17. Qf3 Bxe4 18. Qxe4 Qd7 19. e6 fxe6 20. f6 gxf6 21.
Rxf6 Rg8 22. Bh6 Qb7 23. Rxf8+ Rxf8 24. Qxe6+ Qe7 25. Qc6+ Qd7 26. Re1+ Kd8 27.
Bg5+ {Normal} 1-0

[Event "Rated Blitz game"]
[Site "?"]
[Date "2021.03.29"]
[Round "?"]
[White "highway_star"]
[Black "jt68"]
[Result "0-1"]
[ECO "C46"]
[WhiteElo "2401"]
[BlackElo "2352"]
[PlyCount "70"]
[EventDate "2021.??.??"]
[EventType "blitz"]
[TimeControl "180"]

1. e4 e5 2. Nf3 Nc6 3. Nc3 Nf6 4. Nxe5 Nxe5 5. d4 Ng6 6. e5 Ng8 7. Bc4 d5 8.
Bxd5 c6 9. Be4 f5 10. Bf3 Nh4 11. O-O Be6 12. Be3 Nxf3+ 13. Qxf3 Bb4 14. Qg3 g6
15. Rad1 Bxc3 16. bxc3 Qd5 17. Bg5 Kf7 18. Qh4 Qe4 19. Qh3 h6 20. Bc1 f4 21.
Qh4 g5 22. Qh5+ Qg6 23. Qe2 Ne7 24. c4 Rad8 25. Ba3 Nf5 26. c3 Rd7 27. Rfe1
Rhd8 28. g3 Kg8 29. gxf4 Kh7 30. fxg5 Qf7 31. Kh1 Bxc4 32. g6+ Kxg6 33. Qg4+
Kh7 34. Rg1 Bd5+ 35. f3 Ne3 {Normal} 0-1

[Event "Rated Blitz game"]
[Site "?"]
[Date "2021.03.29"]
[Round "?"]
[White "highway_star"]
[Black "akentokan"]
[Result "1-0"]
[ECO "C46"]
[WhiteElo "2389"]
[BlackElo "2443"]
[PlyCount "119"]
[EventDate "2021.??.??"]
[EventType "blitz"]
[TimeControl "180"]

1. e4 e5 2. Nf3 Nc6 3. Nc3 Nf6 4. Nxe5 Nxe5 5. d4 Ng6 6. e5 Ng8 7. Bc4 d6 8.
Qf3 Qd7 9. O-O dxe5 10. Re1 Qf5 11. Bb5+ c6 12. Bxc6+ bxc6 13. Qxc6+ Qd7 14.
Qxa8 Qb7 15. Qxb7 Bxb7 16. dxe5 N8e7 17. Be3 Nc6 18. f4 Bb4 19. g3 Nge7 20.
Red1 Bxc3 21. bxc3 Na5 22. Bxa7 Nd5 23. Bd4 Kd7 24. Rab1 Kc6 25. Rb2 Nc4 26.
Rb3 Ba6 27. Rdb1 Ra8 28. Re1 Nd2 29. Kf2 Nxb3 30. cxb3 Bd3 31. a4 Bc2 32. e6 f6
33. b4 Bxa4 34. f5 Bb5 35. g4 Ra2+ 36. Kg3 Ne7 37. Bc5 Nd5 38. e7 Kb7 39. e8=Q
Bxe8 40. Rxe8 Nxc3 41. Re7+ Kc6 42. Rxg7 Ne4+ 43. Kf4 Nxc5 44. bxc5 Rxh2 45.
Rf7 Rh6 46. g5 fxg5+ 47. Kxg5 Rh1 48. f6 Kxc5 49. Rd7 Rf1 50. Rxh7 Kd6 51. Re7
Rg1+ 52. Kh6 Rf1 53. Kg7 Rg1+ 54. Kf7 Rg2 55. Re1 Rg3 56. Kf8 Rh3 57. f7 Rg3
58. Ke8 Rf3 59. f8=Q+ Rxf8+ 60. Kxf8 {Normal} 1-0

[Event "Rated Blitz tournament pDMw9tNd"]
[Site "?"]
[Date "2021.03.28"]
[Round "?"]
[White "Starinov"]
[Black "Chizhov_Alexei"]
[Result "1-0"]
[ECO "C46"]
[WhiteElo "2412"]
[BlackElo "2277"]
[PlyCount "21"]
[EventDate "2021.??.??"]
[EventType "blitz"]
[TimeControl "180"]

1. e4 e5 2. Nf3 Nc6 3. Nc3 Nf6 4. Nxe5 Nxe5 5. d4 Bb4 6. dxe5 Nxe4 7. Qg4 Bxc3+
8. bxc3 d5 9. Qxg7 Kd7 10. Qxf7+ Qe7 11. Qxd5+ {Normal} 1-0

[Event "Rated Blitz game"]
[Site "?"]
[Date "2021.03.28"]
[Round "?"]
[White "Smetanov_N"]
[Black "RalphSheldon"]
[Result "0-1"]
[ECO "C46"]
[WhiteElo "2302"]
[BlackElo "2473"]
[PlyCount "30"]
[EventDate "2021.??.??"]
[EventType "blitz"]
[TimeControl "180+2"]

1. e4 e5 2. Nf3 Nc6 3. Nc3 Nf6 4. Nxe5 Nxe5 5. d4 Ng6 6. e5 Ng8 7. Bc4 d5 8.
Bxd5 N8e7 9. Be4 c5 10. Nb5 Qa5+ 11. Nc3 cxd4 12. Qxd4 Nc6 13. Bxc6+ bxc6 14.
O-O Be7 15. f4 Bc5 {Normal} 0-1

[Event "Rated Blitz game"]
[Site "?"]
[Date "2021.03.28"]
[Round "?"]
[White "highway_star"]
[Black "NoahSkyler"]
[Result "0-1"]
[ECO "C46"]
[WhiteElo "2383"]
[BlackElo "2469"]
[PlyCount "66"]
[EventDate "2021.??.??"]
[EventType "blitz"]
[TimeControl "180"]

1. e4 Nf6 2. Nc3 e5 3. Nf3 Nc6 4. Nxe5 Nxe5 5. d4 Ng6 6. e5 Ng8 7. Bc4 Bb4 8.
Qf3 Bxc3+ 9. bxc3 Qe7 10. O-O Nh6 11. g3 O-O 12. h4 d6 13. Bg5 Qd7 14. h5 Nh8
15. Qf4 dxe5 16. dxe5 Qg4 17. Bxh6 gxh6 18. Qxh6 Qxc4 19. Qg5+ Ng6 20. hxg6
hxg6 21. Rfe1 Be6 22. Rad1 Qg4 23. Qf6 Qf5 24. Qe7 Rac8 25. Rd4 Rfe8 26. Qh4
Kg7 27. Rf4 g5 28. Rxf5 gxh4 29. Rg5+ Kf8 30. gxh4 Ke7 31. Kg2 Rh8 32. Rh1 Rcg8
33. f4 Bd5+ {Normal} 0-1

[Event "Rated Blitz game"]
[Site "?"]
[Date "2021.03.27"]
[Round "?"]
[White "Pepeoutai"]
[Black "IGRUSA"]
[Result "0-1"]
[ECO "C46"]
[WhiteElo "2436"]
[BlackElo "2292"]
[PlyCount "68"]
[EventDate "2021.??.??"]
[EventType "blitz"]
[TimeControl "180+2"]

1. e4 e5 2. Nf3 Nf6 3. Nc3 Nc6 4. Nxe5 Nxe5 5. d4 Ng6 6. e5 Ng8 7. Bc4 Bb4 8.
Qf3 Qe7 9. O-O Bxc3 10. bxc3 d5 11. Bxd5 Nh4 12. Qh5 c6 13. Bg5 Qc7 14. Bxf7+
Qxf7 15. Qxh4 Ne7 16. Rae1 Be6 17. f4 Nf5 18. Qf2 h6 19. Bh4 O-O 20. g4 Nxh4
21. Qxh4 Bc4 22. Rf2 Bxa2 23. f5 Bd5 24. Qg3 a5 25. h4 Kh8 26. g5 Qh5 27. f6 a4
28. fxg7+ Kxg7 29. Rf6 hxg5 30. hxg5 a3 31. e6 a2 32. Qc7+ Kg8 33. e7 Qxg5+ 34.
Kh2 Qg2# {Normal} 0-1

[Event "Rated Blitz game"]
[Site "?"]
[Date "2021.03.27"]
[Round "?"]
[White "viniciustine"]
[Black "Seras_Victoria"]
[Result "1-0"]
[ECO "C46"]
[WhiteElo "2322"]
[BlackElo "2453"]
[PlyCount "51"]
[EventDate "2021.??.??"]
[EventType "blitz"]
[TimeControl "180"]

1. e4 e5 2. Nf3 Nf6 3. Nc3 Nc6 4. Nxe5 Nxe5 5. d4 Ng6 6. e5 Ng8 7. Bc4 d5 8.
Bxd5 c6 9. Bb3 Be6 10. Bxe6 fxe6 11. Qg4 Qd7 12. Ne4 Rd8 13. Be3 Nh6 14. Bxh6
gxh6 15. Nf6+ Ke7 16. Nxd7 Rxd7 17. O-O-O Bg7 18. f4 Rg8 19. Rhf1 Nh8 20. Qh5
Nf7 21. f5 exf5 22. Rxf5 Ng5 23. h4 Ne6 24. Rf7+ Kd8 25. Rxd7+ Kxd7 26. Qf7+ {
Normal} 1-0

[Event "Rated Blitz game"]
[Site "?"]
[Date "2021.03.26"]
[Round "?"]
[White "Pernambuquinho"]
[Black "WEPKINS"]
[Result "0-1"]
[ECO "C46"]
[WhiteElo "2389"]
[BlackElo "2446"]
[PlyCount "72"]
[EventDate "2021.??.??"]
[EventType "blitz"]
[TimeControl "180"]

1. e4 e5 2. Nf3 Nc6 3. Nc3 Nf6 4. Nxe5 Nxe5 5. d4 Ng6 6. e5 Ng8 7. Bc4 d6 8. f4
dxe5 9. fxe5 c6 10. O-O Be6 11. d5 cxd5 12. Bb5+ Ke7 13. b3 Qb6+ 14. Kh1 Rc8
15. Ba3+ Kd8 16. Bxf8 Nxf8 17. Nxd5 Qxb5 18. c4 Qd7 19. Qf3 Ne7 20. Nxe7 Kxe7
21. Rad1 Qc7 22. Qf4 Ke8 23. Rd6 h5 24. Rfd1 Rh6 25. Qd4 Rg6 26. Qxa7 Nd7 27.
Qd4 Qc5 28. Rxd7 Bxd7 29. Qxd7+ Kf8 30. Qxb7 Qc6 31. Rd8+ Rxd8 32. Qxc6 Rxc6
33. h3 Rd2 34. a4 Ra2 35. b4 Rxa4 36. c5 Rxb4 {Normal} 0-1

[Event "Rated Blitz game"]
[Site "?"]
[Date "2021.03.26"]
[Round "?"]
[White "kingsolver2018"]
[Black "zolpi"]
[Result "1-0"]
[ECO "C46"]
[WhiteElo "2403"]
[BlackElo "2367"]
[PlyCount "79"]
[EventDate "2021.??.??"]
[EventType "blitz"]
[TimeControl "180"]

1. e4 e5 2. Nf3 Nf6 3. Nc3 Nc6 4. Nxe5 Nxe5 5. d4 Nc6 6. d5 Ne5 7. f4 Ng6 8. e5
Ng8 9. d6 cxd6 10. exd6 Qf6 11. Nb5 Kd8 12. Be3 Nxf4 13. Qd2 Ne6 14. O-O-O Nh6
15. Qa5+ Ke8 16. Bc4 Nf5 17. Rhf1 Qg6 18. Rxf5 Qxf5 19. Nc7+ Nxc7 20. Qxf5 Ne6
21. Rf1 f6 22. Qh5+ Kd8 23. Qa5+ Ke8 24. Bd2 Bxd6 25. Re1 Be5 26. Rxe5 fxe5 27.
Qxe5 Rf8 28. b3 Rf6 29. g4 Kf8 30. g5 Rf7 31. h4 Kg8 32. h5 Re7 33. h6 b6 34.
g6 Bb7 35. gxh7+ Kxh7 36. hxg7 Rxg7 37. Bc3 Rg6 38. Qh5+ Rh6 39. Qf7+ Ng7 40.
Qxg7# {Normal} 1-0

[Event "Rated Blitz tournament zwSJAZu4"]
[Site "?"]
[Date "2021.03.26"]
[Round "?"]
[White "Starinov"]
[Black "bikmurzin_alexey"]
[Result "1-0"]
[ECO "C46"]
[WhiteElo "2417"]
[BlackElo "2248"]
[PlyCount "91"]
[EventDate "2021.??.??"]
[EventType "blitz"]
[TimeControl "180"]

1. e4 e5 2. Nf3 Nc6 3. Nc3 Nf6 4. Nxe5 Nxe5 5. d4 Nxe4 6. Nxe4 Nc6 7. d5 Ne5 8.
d6 cxd6 9. f4 Ng6 10. Bc4 Be7 11. O-O O-O 12. Bd5 Rb8 13. Be3 b6 14. f5 Ne5 15.
f6 Bxf6 16. Nxf6+ gxf6 17. Bh6 Re8 18. Qh5 Bb7 19. Bxb7 Rxb7 20. Rad1 Rc7 21.
c3 Rc5 22. Rxd6 Ng6 23. Qg4 Re6 24. Rfd1 Qe8 25. Rxe6 fxe6 26. h4 f5 27. Qg3 f4
28. Qg4 Qe7 29. Bg5 Qg7 30. Qf3 Rf5 31. Qa8+ Rf8 32. Qxa7 Ne5 33. Qc7 h6 34.
Bxh6 Qxh6 35. Qxe5 f3 36. gxf3 Qxh4 37. Rxd7 Rf7 38. Rxf7 Kxf7 39. Kg2 Qc4 40.
a3 Qd3 41. Qc7+ Kf6 42. Qxb6 Qe2+ 43. Qf2 Qe5 44. Qg3 Qe2+ 45. Kh3 Qxb2 46.
Qh4+ {Time forfeit} 1-0

[Event "Rated Blitz tournament CxkAfbCK"]
[Site "?"]
[Date "2021.03.25"]
[Round "?"]
[White "Pepeoutai"]
[Black "Heinza9"]
[Result "1-0"]
[ECO "C46"]
[WhiteElo "2431"]
[BlackElo "2308"]
[PlyCount "29"]
[EventDate "2021.??.??"]
[EventType "blitz"]
[TimeControl "300"]

1. e4 e5 2. Nf3 Nc6 3. Nc3 Nf6 4. Nxe5 Bb4 5. Nxc6 dxc6 6. d3 O-O 7. Be2 Re8 8.
O-O b5 9. Bd2 h6 10. a3 Bc5 11. Bf3 Be6 12. Ne2 Bg4 13. Ng3 Qd7 14. Bc3 Bd4 15.
Bxg4 {Normal} 1-0

[Event "Rated Blitz game"]
[Site "?"]
[Date "2021.03.25"]
[Round "?"]
[White "laNoviadeChucky"]
[Black "DarthZannah"]
[Result "0-1"]
[ECO "C46"]
[WhiteElo "2342"]
[BlackElo "2515"]
[PlyCount "74"]
[EventDate "2021.??.??"]
[EventType "blitz"]
[TimeControl "180+2"]

1. e4 e5 2. Nc3 Nf6 3. Nf3 Nc6 4. Nxe5 Nxe5 5. d4 Ng6 6. e5 Ng8 7. Bc4 Bb4 8.
Qf3 Qe7 9. O-O Bxc3 10. bxc3 h5 11. Qd3 Nh6 12. Bxh6 Rxh6 13. f4 b6 14. f5 Nf8
15. Bd5 c6 16. Bf3 Bb7 17. a4 O-O-O 18. a5 Kc7 19. axb6+ axb6 20. Ra7 d5 21.
Qa6 Rb8 22. Rb1 Nd7 23. c4 dxc4 24. Qxc4 Kd8 25. e6 fxe6 26. Rxb7 Rxb7 27. Qxc6
Rc7 28. Qa8+ Rc8 29. Qa7 Qd6 30. fxe6 Qxd4+ 31. Kh1 Rxe6 32. h3 Rc7 33. Qa3 Qc5
34. Qd3 Ke7 35. Rd1 Qxc2 36. Qd4 Qc3 37. Qxg7+ Qxg7 {Time forfeit} 0-1

[Event "Rated Blitz game"]
[Site "?"]
[Date "2021.03.25"]
[Round "?"]
[White "Vihajaisestatulesta"]
[Black "DanielaAndrade"]
[Result "1-0"]
[ECO "C46"]
[WhiteElo "2414"]
[BlackElo "2419"]
[PlyCount "61"]
[EventDate "2021.??.??"]
[EventType "blitz"]
[TimeControl "180"]

1. e4 Nf6 2. Nc3 e5 3. Nf3 Nc6 4. Nxe5 Nxe5 5. d4 Bb4 6. dxe5 Nxe4 7. Qd4 Bxc3+
8. bxc3 d5 9. Ba3 c6 10. O-O-O Qb6 11. Qxb6 axb6 12. Kb2 Nxc3 13. Rd2 Be6 14.
f3 b5 15. Bd6 Na4+ 16. Kc1 Nb6 17. c3 Nc4 18. Bxc4 bxc4 19. Kb2 Kd7 20. Ra1 Ra6
21. a4 Rha8 22. g4 Rxa4 23. Rxa4 Rxa4 24. Rg2 f6 25. f4 g6 26. h4 b6 27. h5
gxh5 28. gxh5 fxe5 29. fxe5 Bf5 30. Rg7+ Ke6 31. Re7# {Normal} 1-0

[Event "Rated Blitz game"]
[Site "?"]
[Date "2021.03.25"]
[Round "?"]
[White "Ebuhurejra"]
[Black "weresloth"]
[Result "0-1"]
[ECO "C46"]
[WhiteElo "2442"]
[BlackElo "2513"]
[PlyCount "62"]
[EventDate "2021.??.??"]
[EventType "blitz"]
[TimeControl "180"]

1. e4 e5 2. Nf3 Nc6 3. Nc3 Nf6 4. Nxe5 Nxe5 5. d4 Ng6 6. e5 Bb4 7. exf6 Qxf6 8.
Bc4 Qe7+ 9. Be3 c6 10. O-O d5 11. Bd3 O-O 12. Re1 Bd6 13. Qh5 Re8 14. Bd2 Qf8
15. Ne2 Bd7 16. Ng3 Rxe1+ 17. Rxe1 Re8 18. Nf5 Bxf5 19. Bxf5 Rxe1+ 20. Bxe1 Qe7
21. Bd2 Nf8 22. h3 g6 23. Qg4 h5 24. Qf3 gxf5 25. Qxh5 Qe6 26. Qg5+ Ng6 27. h4
Be7 28. Qg3 Bxh4 29. Qb8+ Kg7 30. Qxb7 Qe2 31. Be3 f4 {Normal} 0-1

[Event "Rated Blitz game"]
[Site "?"]
[Date "2021.03.25"]
[Round "?"]
[White "carloseduar100"]
[Black "ariosp"]
[Result "0-1"]
[ECO "C46"]
[WhiteElo "2269"]
[BlackElo "2437"]
[PlyCount "94"]
[EventDate "2021.??.??"]
[EventType "blitz"]
[TimeControl "180+2"]

1. e4 e5 2. Nf3 Nc6 3. Nc3 Nf6 4. Nxe5 Nxe5 5. d4 Ng6 6. e5 Ng8 7. Bc4 Bb4 8.
Qf3 Qe7 9. h4 Nh6 10. h5 Nxe5 11. dxe5 Qxe5+ 12. Qe2 Bxc3+ 13. bxc3 Qxe2+ 14.
Bxe2 d5 15. Bxh6 gxh6 16. O-O-O Be6 17. Rhe1 O-O-O 18. Bf3 Rhg8 19. Re5 Rg5 20.
Rde1 Rxe5 21. Rxe5 Rd6 22. a4 Kd7 23. c4 dxc4 24. Bxb7 c6 25. a5 Rd5 26. Rxd5+
cxd5 27. c3 Kd6 28. Kd2 Bg4 29. Ke3 Kc5 30. a6 Bxh5 31. f3 f6 32. Bc8 Bg6 33.
Be6 h5 34. g4 h4 35. f4 h3 36. Kf3 d4 37. cxd4+ Kxd4 38. f5 Be8 39. Kg3 Bb5 40.
g5 fxg5 41. f6 Be8 42. f7 Bxf7 43. Bxf7 c3 44. Bb3 Kd3 45. Kxh3 h5 46. Bf7 c2
47. Bg6+ Kd2 {Normal} 0-1

[Event "Rated Blitz game"]
[Site "?"]
[Date "2021.03.24"]
[Round "?"]
[White "maximsnigurov"]
[Black "Ute-Manfred"]
[Result "0-1"]
[ECO "C46"]
[WhiteElo "2536"]
[BlackElo "2583"]
[PlyCount "42"]
[EventDate "2021.??.??"]
[EventType "blitz"]
[TimeControl "180"]

1. Nc3 Nf6 2. e4 e5 3. Nf3 Nc6 4. Nxe5 Nxe5 5. d4 Ng6 6. e5 d5 7. exf6 gxf6 8.
Qf3 c6 9. h4 h5 10. Bd3 Bg4 11. Qe3+ Qe7 12. a3 O-O-O 13. Bd2 Qd7 14. Be2 Re8
15. Qd3 Bf5 16. Qf3 Bxc2 17. Rc1 Be4 18. Nxe4 Rxe4 19. Qxf6 Bd6 20. Be3 Bf4 21.
Bf3 Re6 {Normal} 0-1

[Event "Rated Blitz tournament nSTj7R6A"]
[Site "?"]
[Date "2021.03.24"]
[Round "?"]
[White "Pepeoutai"]
[Black "HaraldEtuna"]
[Result "1/2-1/2"]
[ECO "C46"]
[WhiteElo "2409"]
[BlackElo "2275"]
[PlyCount "62"]
[EventDate "2021.??.??"]
[EventType "blitz"]
[TimeControl "180+2"]

1. e4 Nf6 2. Nc3 e5 3. Nf3 Nc6 4. Nxe5 Nxe5 5. d4 Nc6 6. d5 Bb4 7. dxc6 Nxe4 8.
Qd4 Bxc3+ 9. bxc3 O-O 10. Be3 Nd6 11. cxd7 Bxd7 12. Bd3 Nf5 13. Bxf5 Bxf5 14.
Rc1 b6 15. O-O c5 16. Qf4 Qf6 17. h3 Qg6 18. Rfd1 Bxc2 19. Rd6 Qf5 20. Qxf5
Bxf5 21. Rcd1 h6 22. a3 Rfe8 23. g4 Be6 24. Kg2 Rac8 25. Kf3 Re7 26. h4 Bb3 27.
R1d2 Ba4 28. g5 hxg5 29. hxg5 Bc6+ 30. Kg3 Ree8 31. Rd1 Re6 {Normal} 1/2-1/2

[Event "Rated Blitz game"]
[Site "?"]
[Date "2021.03.24"]
[Round "?"]
[White "Aref2233"]
[Black "MauricioAriasCR"]
[Result "0-1"]
[ECO "C46"]
[WhiteElo "2361"]
[BlackElo "2454"]
[PlyCount "96"]
[EventDate "2021.??.??"]
[EventType "blitz"]
[TimeControl "180+2"]

1. e4 e5 2. Nf3 Nc6 3. Nc3 Nf6 4. Nxe5 Nxe5 5. d4 Ng6 6. e5 Ng8 7. Bc4 c6 8.
Qe2 N8e7 9. O-O d5 10. exd6 Qxd6 11. Ne4 Qc7 12. Ng5 Be6 13. Bxe6 fxe6 14. Nxe6
Qd6 15. c4 Kf7 16. Ng5+ Kg8 17. Re1 h6 18. Ne6 Kh7 19. Qe4 Rg8 20. h4 c5 21. h5
cxd4 22. hxg6+ Nxg6 23. Bf4 Qc6 24. Qd3 Bb4 25. Re5 Rge8 26. Nxd4 Qd7 27. Rxe8
Rxe8 28. Be3 Bc5 29. Rd1 Rd8 30. a3 Qg4 31. b4 Bxd4 32. Bxd4 Kg8 33. f3 Qg5 34.
c5 Nf4 35. Qb3+ Kh7 36. Qb2 Ne6 37. Rd2 Rxd4 38. Rxd4 Qe3+ 39. Qf2 Qxd4 40.
Qxd4 Nxd4 41. Kf2 Kg6 42. Ke3 Nc2+ 43. Kd3 Nxa3 44. Kd4 Kf6 45. Kd5 Ke7 46. g4
g6 47. f4 h5 48. gxh5 gxh5 {Normal} 0-1

[Event "Rated Blitz tournament 9fJg9bsZ"]
[Site "?"]
[Date "2021.03.24"]
[Round "?"]
[White "sim13a"]
[Black "Chessmaste"]
[Result "1-0"]
[ECO "C46"]
[WhiteElo "2366"]
[BlackElo "2419"]
[PlyCount "97"]
[EventDate "2021.??.??"]
[EventType "blitz"]
[TimeControl "240"]

1. e4 e5 2. Nf3 Nc6 3. Nc3 Nf6 4. Nxe5 Nxe5 5. d4 Nc6 6. d5 Bb4 7. dxc6 bxc6 8.
Bd3 O-O 9. O-O d5 10. exd5 cxd5 11. Bg5 c6 12. Qf3 Be7 13. Rfe1 Rb8 14. b3 h6
15. Bh4 Re8 16. Ne2 Rb4 17. Bg3 Bg4 18. Qe3 c5 19. c3 d4 20. cxd4 cxd4 21. Qf4
g5 22. Qd2 Rb6 23. Rac1 Bb4 24. Qb2 Bxe1 25. Rxe1 Rbe6 26. f3 Re3 27. Rd1 Bh5
28. Nxd4 Qb6 29. Bf2 R3e5 30. Nb5 Re1+ 31. Rxe1 Rxe1+ 32. Bf1 Rxf1+ 33. Kxf1
Qxb5+ 34. Ke1 Nd5 35. Qd2 Nf4 36. Qd8+ Kh7 37. Qd2 Nxg2+ 38. Kd1 Bxf3+ 39. Kc1
Nf4 40. Bd4 Ne2+ 41. Kb2 Nxd4 42. Qxd4 Qe2+ 43. Ka3 Qa6+ 44. Kb2 Qg6 45. a4 Qe4
46. Qf6 Qe2+ 47. Ka3 Qe6 48. Qd4 Qf5 49. Qh8+ {Time forfeit} 1-0